 Dungeon Crawl Stone Soup version 0.23-a0-301-g9da9e51 (webtiles) character file.

64393 mhoghedin the Fighter (level 15, 0/98 HPs)
             Began as a Kobold Artificer on Oct 7, 2018.
             Was a High Priest of Yredelemnul.
             Slain by an alligator (16 damage)
             ... on level 3 of the Swamp.
             The game lasted 01:00:02 (22685 turns).

mhoghedin the Fighter (Kobold Artificer)           Turns: 22685, Time: 01:00:03

Health: 0/98       AC: 14    Str: 13    XL:     15   Next: 54%
Magic:  0/23       EV: 20    Int: 12    God:    Yredelemnul [*****.]
Gold:   1623       SH:  0    Dex: 17    Spells: 14/14 levels left

rFire    . . .     SeeInvis .   W - +8 double sword (flame)
rCold    + . .     Gourm    .   (shield currently unavailable)
rNeg     . . .     Faith    .   s - +2 ring mail {MR+}
rPois    +         Spirit   +   B - +1 hat
rElec    .         Reflect  .   Q - +0 cloak
rCorr    .         Harm     .   G - +0 pair of gloves
MR       +++..                  t - +2 pair of boots
Stlth    ++++......             q - amulet of guardian spirit {Spirit}
HPRegen  0.66/turn              E - ring of poison resistance {rPois, !d}
MPRegen  0.18/turn              f - ring of protection from cold {rC+, !d}

@: drained
A: small, carnivore, dopey 1, magic resistance 1, regeneration 1, shaggy fur 1
a: Recall Undead Slaves, Injury Mirror, Animate Dead, Drain Life, Enslave Soul,
Renounce Religion


You were on level 3 of the Swamp.
You worshipped Yredelemnul.
Yredelemnul was extremely pleased with you.
You were not hungry.

You visited 3 branches of the dungeon, and saw 20 of its levels.
You also visited: Sewer and Volcano.

You collected 1903 gold pieces.
You spent 280 gold pieces at shops.

Inventory:

Hand Weapons
 a - the +7 quick blade "Amos Ykk" {flame, Str-4 Dex+3}
   (You acquired it on level 8 of the Dungeon)

   It has been specially enchanted to burn those struck by it, causing extra
   injury to most foes and up to half again as much damage against particularly
   susceptible opponents.
   It affects your strength (-4).
   It affects your dexterity (+3).
 b - the +9 hunting sling of Cruel Justice {freeze, rElec MR+ Str+2}
   (You found it on level 1 of the Lair of Beasts)

   It causes projectiles fired from it to freeze those they strike, causing
   extra injury to most foes and up to half again as much damage against
   particularly susceptible opponents.
   They can also slow down cold-blooded creatures.
   It affects your strength (+2).
   It insulates you from electricity.
   It affects your resistance to hostile enchantments.
 W - a +8 double sword of flaming (weapon)
   (You found it on level 1 of the Lair of Beasts)
Missiles
 c - 209 sling bullets
 J - 2 throwing nets {=f, !d}
 O - 4 tomahawks of dispersal {=f}
Armour
 s - a +2 ring mail of magic resistance (worn)
   (You found it in a sewer)
 t - a +2 pair of boots (worn)
   (You found it in a sewer)
 B - a +1 hat (worn)
   (You found it on level 9 of the Dungeon)
 G - a +0 pair of gloves (worn)
   (You found it on level 2 of the Lair of Beasts)
 Q - a +0 cloak (worn)
   (You found it on level 3 of the Lair of Beasts)
 X - a +4 plate armour of fire resistance
   (You took it off Louise on level 2 of the Swamp)
Jewellery
 f - a ring of protection from cold (right hand) {rC+, !d}
   (You found it on level 7 of the Dungeon)
 i - a +3 ring of protection
   (You found it on level 1 of the Dungeon)
 k - an uncursed ring of protection from magic {MR+, !d}
   (You found it on level 1 of the Dungeon)
 l - an uncursed ring of protection from fire {rF+, !d}
   (You found it on level 1 of the Dungeon)
 o - an uncursed ring of stealth {Stlth+}
   (You found it on level 2 of the Dungeon)
 q - an amulet of guardian spirit (around neck) {Spirit}
   (You found it on level 3 of the Dungeon)
 v - an uncursed ring of positive energy {rN+}
   (You found it on level 10 of the Dungeon)
 E - a ring of poison resistance (left hand) {rPois, !d}
   (You bought it in a shop on level 9 of the Dungeon)
Wands
 d - a wand of enslavement (36)
 e - a wand of flame (75)
   (You took it off a hobgoblin on level 7 of the Dungeon)
 x - a wand of iceblast (20)
   (You found it on level 8 of the Dungeon)
 D - a wand of polymorph (31)
   (You found it on level 9 of the Dungeon)
 H - a wand of acid (20)
   (You found it on level 1 of the Lair of Beasts)
 M - a wand of random effects (25)
   (You found it on level 2 of the Lair of Beasts)
 N - a wand of digging (16)
   (You found it on level 3 of the Swamp)
 P - a wand of disintegration (28)
   (You found it on level 2 of the Swamp)
 T - a wand of paralysis (14)
   (You found it on level 6 of the Lair of Beasts)
Scrolls
 m - 6 scrolls of remove curse
 r - 3 scrolls of enchant armour
 w - 5 scrolls of blinking {!r}
 y - 3 scrolls of teleportation
 C - a scroll of brand weapon
 F - 3 scrolls of amnesia
 L - 3 scrolls of fog
 S - a scroll of silence
 V - 2 scrolls of magic mapping {!r}
 Y - a scroll of identify
Potions
 g - 3 potions of ambrosia
 h - 2 potions of berserk rage {!q}
 j - 3 potions of invisibility
 n - 2 potions of cancellation
 p - 2 potions of brilliance
 z - 7 potions of curing
 I - a potion of agility
 K - 2 potions of heal wounds
 U - 2 potions of lignification {!q}
 Z - 2 potions of haste
Miscellaneous
 R - a phantom mirror
Comestibles
 u - 16 rations


   Skills:
 - Level 13.1(11.9) Fighting
 - Level 9.7(10.8) Short Blades
 + Level 7.6(7.5) Long Blades
 - Level 8.0(6.9) Slings
 - Level 11.8(10.6) Dodging
 - Level 13.0(11.7) Stealth
 - Level 10.4(9.3) Invocations
 - Level 11.5(10.4) Evocations


You had 14 spell levels left.
You didn't know any spells.
Your spell library contained the following spells:

 Spells                   Type           Power        Failure   Level  Hunger
 Magic Dart               Conj           #...         58%         1    ##.....
 Sting                    Conj/Pois      #...         58%         1    ##.....
 Summon Butterflies       Summ           #.......     58%         1    ##.....
 Blink                    Tloc           N/A          73%         2    ###....
 Call Imp                 Summ           #.......     73%         2    ###....
 Poisonous Vapours        Pois/Air       #.....       73%         2    ###....
 Searing Ray              Conj           #.....       73%         2    ###....
 Slow                     Hex            #.......     73%         2    ###....
 Call Canine Familiar     Summ           #.......     91%         3    ####...
 Conjure Flame            Conj/Fire      #.......     91%         3    ####...
 Dazzling Spray           Conj/Hex       #.....       91%         3    ####...
 Mephitic Cloud           Conj/Pois/Air  #.......     91%         3    ####...
 Force Lance              Conj/Tloc      #.......     100%        4    #####..
 Fulminant Prism          Conj/Hex       #.........   100%        4    #####..
 Ice Form                 Ice/Tmut       #.......     100%        4    #####..
 Iskenderun's Mystic Bla  Conj           #.......     100%        4    #####..
 Olgreb's Toxic Radiance  Pois           #.......     100%        4    #####..
 Summon Ice Beast         Ice/Summ       #.......     100%        4    #####..
 Metabolic Englaciation   Hex/Ice        #.........   100%        5    ######.
 Summon Mana Viper        Hex/Summ       #.......     100%        5    ######.
 Venom Bolt               Conj/Pois      #.........   100%        5    ######.
 Bolt of Cold             Conj/Ice       #.........   100%        6    #######
 Freezing Cloud           Conj/Ice/Air   #.........   100%        6    #######
 Ozocubu's Refrigeration  Ice            #.........   100%        6    #######
 Simulacrum               Ice/Necr       #.........   100%        6    #######
 Summon Hydra             Summ           #.........   100%        7    #######


Dungeon Overview and Level Annotations

Branches:
Dungeon (10/15)            Temple (0/1) D:4            Lair (6/6) D:10
  Swamp (4/4) Lair:4        Snake (0/4) Lair:2        Slime (0/5) Lair:5
    Orc: D:9-12

Altars:
Dithmenos
Hepliaklqana
Kikubaaqudgha
Makhleb
Nemelex Xobeh
Okawaru
Qazlal
Sif Muna
Trog
Uskayaw
Vehumet
Xom
Yredelemnul
The Shining One

Shops:
D:9 =

Portals:
Hell: Lair:6

Annotations:
D:10 4 runed doors, exclusion: 4 orange crystal statues, Ijustatesigmund's ghost, journeyman OpWz; mhoghedin's ghost, journeyman KoAr
Lair:5 exclusion: 2 oklob plants


Innate Abilities, Weirdness & Mutations

You are small and have problems with some larger weapons.
You are carnivorous and can eat meat at any time.
You are dopey. (Int -2)
You are resistant to hostile enchantments. (MR+)
Your natural rate of healing is unusually fast.
You are covered in fur. (AC +1)


Message History

You burn the spectral swamp dragon.
The spectral swamp dragon barely misses you. x2
You are engulfed in spectral mist.
The alligator puts on a burst of speed!
The ghost crab misses you. The ghost crab claws you.
You feel drained. The spectral swamp dragon bites you!
The spectral swamp dragon completely misses you.
The spectral swamp dragon tramples you but does no damage.
You take 17 damage, and have 80/98 hp.
You now have 18/23 mp.
You slash the ghost crab! You burn the ghost crab.
You are engulfed in spectral mist.
The ghost crab breathes spectral mist at you.
The spectral mist engulfs you! The spectral swamp dragon misses you.
The spectral swamp dragon closely misses you.
The spectral swamp dragon tramples you but does no damage.
The spectral swamp dragon bites you.
The spectral swamp dragon claws you but does no damage.
The spectral swamp dragon completely misses you.
You take 8 damage, and have 72/98 hp.
You now have 15/23 mp.
You slice the ghost crab!! You burn the ghost crab!
You are engulfed in spectral mist.
The ghost crab barely misses you. The ghost crab completely misses you.
The spectral swamp dragon bites you but does no damage.
The spectral swamp dragon claws you but does no damage.
The spectral swamp dragon barely misses you.
The spectral swamp dragon misses you.
The spectral swamp dragon barely misses you. x2
The ghost crab bites you! The ghost crab claws you.
You take 15 damage, and have 57/98 hp.
You now have 12/23 mp.
You hit the ghost crab. You burn the ghost crab.
You are engulfed in spectral mist.
The alligator is engulfed in spectral mist.
The spectral swamp dragon misses you.
The spectral swamp dragon barely misses you.
The spectral swamp dragon tramples you but does no damage.
The spectral swamp dragon barely misses you.
The spectral swamp dragon claws you but does no damage.
The spectral swamp dragon completely misses you.
The ghost crab breathes spectral mist at you.
The spectral mist engulfs you!
You barely miss the ghost crab.
You are engulfed in spectral mist.
The spectral spiny frog hits you.
You feel drained. The spectral swamp dragon bites you.
You feel drained.
The spectral swamp dragon completely misses you.
The spectral swamp dragon tramples you but does no damage.
The spectral swamp dragon closely misses you.
You riposte.
You slash the spectral swamp dragon! You burn the spectral swamp dragon.
The spectral swamp dragon misses you.
The spectral swamp dragon closely misses you.
The alligator bites you!
The alligator tail-slaps you but does no damage.
The spectral swamp drake completely misses you.
The ghost crab completely misses you.
You riposte.
You slash the ghost crab! You burn the ghost crab.
You destroy the ghost crab!
Yredelemnul accepts your kill.
The spectral swamp dragon fades away! x2; The spectral spiny frog fades away!
The spectral swamp drake fades away!
The spectral alligator fades away!
You take 24 damage, and have 34/98 hp.
MASSIVE DAMAGE!!
You now have 8/23 mp.
Unknown command.
The alligator bites you but does no damage.
The alligator tail-slaps you. The alligator misses you.
The alligator completely misses you.
You see here a scroll of remove curse.
You take 2 damage, and have 32/98 hp.
There is a stone staircase leading up, spattered with blood here.
The alligator bites you but does no damage.
The alligator completely misses you.
You climb upwards.
There is a stone staircase leading down here.
The alligator bites you!
* * * LOW HITPOINT WARNING * * *
The alligator tail-slaps you.
* * * LOW HITPOINT WARNING * * *
You take 11 damage, and have 23/98 hp.
You now have 6/23 mp.
Unknown command.
You slash the alligator! You burn the alligator.
The alligator barely misses you.
You riposte.
You hit the alligator. You burn the alligator. The alligator barely misses you.
Your human skeleton hits the alligator but does no damage.
The alligator bites you!
* * * LOW HITPOINT WARNING * * *
The alligator tail-slaps you but does no damage.
You take 9 damage, and have 14/98 hp.
You now have 3/23 mp.
You slice the alligator!! You burn the alligator.
The alligator completely misses you.
The alligator tail-slaps you but does no damage.
Your human skeleton hits the alligator.
You slash the alligator! You burn the alligator.
The alligator barely misses you. The alligator completely misses you.
Your human skeleton hits the alligator but does no damage.
The alligator bites your human skeleton.
The alligator tail-slaps your human skeleton.
You hit the alligator. You burn the alligator. The alligator bites you!!
You die...
Your body rises from the dead as a mindless zombie.

.≈≈≈.♣♣≈≈≈≈≈≈≈♣♣♣....♣♣ ♣♣.≈....
.≈≈♣..♣≈..≈≈....♣≈≈≈.♣ ♣..≈≈≈.§
≈≈≈≈≈≈≈.≈.≈≈.≈≈≈..≈≈.♣♣♣♣♣.≈≈≈≈≈≈
.≈≈≈≈≈≈♣≈.≈..≈♣.♣.≈≈...♣♣..≈≈≈Z♣≈
.≈≈≈≈..♣≈≈≈..≈≈...≈≈≈...♣....≈.≈≈
.≈≈≈≈.≈≈♣≈(..≈≈≈≈.≈≈≈.≈....≈...♣≈
.≈≈≈.≈≈≈♣≈≈....≈..≈≈≈≈≈.≈≈.≈≈≈≈≈≈
...≈≈≈≈≈♣≈≈≈.≈.≈.≈≈♣≈≈......≈≈♣≈≈
.≈≈≈≈..≈..≈≈.≈.≈@≈≈.♣♣.♣≈≈.≈...≈.
.≈..≈♣.≈..≈≈≈..Zt..♣♣♣≈≈≈≈.≈≈≈≈≈.
.≈.♣♣♣♣....≈♣≈.≈§≈≈.♣♣♣≈♣≈≈≈≈≈≈..
≈≈♣♣ ♣♣.≈♣.≈≈≈≈≈♣.♣♣ ♣.♣≈≈♣≈≈≈§♣
.≈.♣♣ ♣.≈....≈≈≈..♣ ♣.≈§≈≈≈♣≈..
....♣♣ ♣.≈≈≈≈.≈≈≈..♣ ♣..≈.≈≈≈≈≈.
.....♣♣♣≈§≈.≈.≈..≈.♣ ♣..♣≈≈.≈≈.≈
.###..♣..≈<§≈≈≈≈♣≈≈♣ ♣≈≈♣≈≈§≈≈≈.
...#...≈≈♣≈♣≈.≈≈≈.≈♣ ♣≈≈♣Z≈≈≈≈.≈


You could see an alligator and a friendly human skeleton.

Vanquished Creatures
  A thorn hunter (Swamp:3)
  Harold (Lair:1)
  7 hydras
  A ghost crab (Swamp:4)
  6 alligators
  3 death yaks (Lair:6)
  A sun demon (Lair:6)
  A fire crab (Volcano)
  2 spriggan druids (Swamp:2)
  An unseen horror (D:10)
  A swamp dragon (Swamp:2)
  A wizard (Lair:6)
  A lindwurm (Volcano)
  6 black mambas
  3 orc warriors
  Psyche (D:10)
  An elephant (Lair:6)
  A torpor snail (Lair:5)
  2 molten gargoyles (Volcano)
  5 rime drakes
  12 spiny frogs
  6 komodo dragons
  3 red devils (Lair:6)
  8 tyrant leeches
  A hornet (Swamp:1)
  2 polar bears
  2 bog bodies
  6 dream sheep (Lair:5)
  2 blink frogs (Lair:2)
  7 hippogriffs
  5 fire bats (Volcano)
  2 wyverns
  35 yaks
  A vampire (D:10)
  A redback (Lair:1)
  A basilisk (Lair:6)
  A hungry ghost (D:7)
  3 steam dragons (Volcano)
  A hog (D:7)
  9 vampire mosquitoes
  8 insubstantial wisps
  3 nagas (Lair:2)
  14 swamp worms
  6 water moccasins
  6 porcupines
  2 hell hounds (Lair:6)
  Purgy (Sewer)
  5 phantoms
  4 sky beasts
  4 swamp drakes
  2 black bears
  3 ice beasts
  A necrophage (D:10)
  6 ogres
  9 wolves
  3 centaurs
  12 crocodiles
  Blork the orc (D:6)
  A big kobold (D:10)
  12 bullfrogs
  3 scorpions
  4 killer bees (D:10)
  6 wights
  An electric eel (Lair:5)
  A vampire bat (D:8)
  3 howler monkeys
  4 crimson imps
  6 lava snakes (Volcano)
  2 jellies
  2 bullfrog zombies
  2 centaur skeletons
  A bullfrog skeleton (D:9)
  3 orc priests
  6 hounds
  5 orc wizards
  6 iguanas
  10 worker ants
  A killer bee zombie (D:10)
  2 hound zombies (D:6)
  2 hound skeletons
  12 adders
  A shadow imp (D:6)
  An ooze (D:7)
  An adder skeleton (D:4)
  A worm (D:2)
  7 leopard geckos
  17 orcs
  3 ball pythons
  18 bats
  7 giant cockroaches
  2 goblins
  7 hobgoblins
  7 jackals
  5 quokkas
  8 frilled lizards
  A jackal skeleton (D:5)
  5 kobolds
  A quokka skeleton (D:5)
  4 rats
  2 briar patches (Swamp:3)
437 creatures vanquished.

Vanquished Creatures (collateral kills)
  Jorgrun (Swamp:1)
  Louise (Swamp:2)
  4 hydras
  A ghost crab (Swamp:2)
  A spectral human (Swamp:1)
  5 alligators
  A death yak (Lair:6)
  2 swamp dragons
  An oklob plant (Lair:2)
  3 elephants (Lair:6)
  3 spiny frogs
  2 torpor snails (Lair:2)
  A komodo dragon (Lair:2)
  3 ice devils
  A hellwing (Lair:6)
  2 red devils (Lair:6)
  A polar bear (Lair:6)
  2 hornets (Swamp:1)
  3 tyrant leeches
  A hippogriff (Lair:6)
  A blink frog (Lair:2)
  13 yaks
  3 spriggans (Swamp:1)
  2 hogs (D:7)
  A human (D:7)
  2 hungry ghosts (D:7)
  6 swamp worms
  8 insubstantial wisps
  An acid dragon (D:10)
  A hell hound (Lair:6)
  2 water moccasins
  2 porcupines
  An orc warrior (D:9)
  A sky beast (D:9)
  A phantom (D:5)
  11 wolves
  2 crocodiles
  A centaur (D:8)
  A big kobold (D:7)
  2 killer bees (D:10)
  2 wights
  A howler monkey (D:9)
  An electric eel (Lair:1)
  A centaur zombie (D:5)
  A hound (D:10)
  6 orc priests
  2 orc wizards
  A worker ant (D:7)
  3 adders
  A worm (D:3)
  2 leopard geckos (D:3)
  5 orcs
  A quokka (D:8)
  3 bats
  2 kobolds (D:7)
  2 butterflies
  31 fungi
  11 plants
177 creatures vanquished.

Vanquished Creatures (others)
  A skeletal warrior (Swamp:1)
  2 phantasmal warriors
  A swamp worm zombie (Swamp:1)
  3 hydra zombies
  2 alligator zombies
  10 flying skulls
  An alligator skeleton (Swamp:1)
  5 wraiths
  A vampire mosquito (Swamp:3)
  2 spiny frog zombies (Swamp:3)
  2 dream sheep zombies (Lair:5)
  A swamp dragon zombie (Swamp:2)
  6 vampire mosquito zombies (Swamp:3)
  A wyvern zombie (Lair:6)
  2 water moccasin zombies
  5 yak zombies
  4 wights
  4 wolf zombies (Lair:2)
  A yak skeleton (Lair:6)
  3 bullfrog zombies
  A bog body skeleton (Swamp:1)
  A big kobold zombie (D:10)
  An ogre zombie (D:9)
  A naga zombie (Lair:2)
  2 hound zombies
  A howler monkey zombie (D:9)
  2 worker ant zombies
  A mummy (D:10)
  A scorpion zombie (D:9)
  2 swamp drake zombies (Swamp:2)
  3 adder zombies
  2 adder skeletons
  A jackal (D:2)
  3 jackal zombies
  4 kobold zombies
  2 leopard gecko zombies (D:5)
  9 orc zombies
  A quokka skeleton (D:7)
  2 briar patches (Swamp:3)
  3 fungi
  4 plants
  4 withered plants (D:10)
108 creatures vanquished.

Grand Total: 722 creatures vanquished

Notes
Turn   | Place    | Note
-------+----------+-------------------------------------------
     0 | D:1      | mhoghedin the Kobold Artificer began the quest for the Orb.
     0 | D:1      | Reached XP level 1. HP: 12/12 MP: 3/3
   389 | D:1      | Reached XP level 2. HP: 15/16 MP: 4/4
   948 | D:1      | Reached skill level 2 in Stealth
  1100 | D:2      | Reached skill level 2 in Short Blades
  1129 | D:2      | HP: 4/16 [jackal (1)]
  1395 | D:2      | HP: 2/16 [hobgoblin/club (3)]
  1716 | D:2      | Reached XP level 3. HP: 21/21 MP: 5/5
  1724 | D:2      | Found a shadowy altar of Dithmenos.
  1900 | D:2      | Reached skill level 3 in Dodging
  2118 | D:2      | Found a faded altar of an unknown god.
  2137 | D:2      | Became a worshipper of Yredelemnul the Dark
  2137 | D:2      | Reached * piety under Yredelemnul
  2293 | D:2      | Reached skill level 1 in Invocations
  2313 | D:2      | Reached XP level 4. HP: 17/26 MP: 6/6
  2588 | D:2      | Found an ancient bone altar of Kikubaaqudgha.
  2832 | D:2      | Reached skill level 2 in Invocations
  2928 | D:3      | Reached skill level 2 in Fighting
  3076 | D:3      | Reached skill level 3 in Short Blades
  3076 | D:3      | Reached XP level 5. HP: 18/32 MP: 7/7
  3183 | D:3      | Reached ** piety under Yredelemnul
  3288 | D:3      | Found a glowing drain.
  3295 | D:3      | Reached skill level 3 in Fighting
  3309 | Sewer    | Entered a sewer
  3362 | Sewer    | Noticed Purgy
  3374 | Sewer    | Killed Purgy
  3374 | Sewer    | Reached skill level 4 in Short Blades
  3374 | Sewer    | Reached skill level 3 in Stealth
  3374 | Sewer    | Reached XP level 6. HP: 33/37 MP: 8/8
  3582 | D:4      | Found a bloodstained altar of Trog.
  3592 | D:4      | Found a deep blue altar of Sif Muna.
  3759 | D:4      | HP: 9/38 [poisoned by a worker ant]
  3767 | D:4      | HP: 8/38 [poisoned by a worker ant]
  4085 | D:4      | Reached skill level 4 in Stealth
  4281 | D:4      | Reached skill level 4 in Fighting
  4281 | D:4      | Reached XP level 7. HP: 20/43 MP: 9/9
  4484 | D:4      | Reached skill level 5 in Short Blades
  4817 | D:4      | Found a staircase to the Ecumenical Temple.
  5015 | D:5      | Entered Level 5 of the Dungeon
  5019 | D:5      | Reached skill level 5 in Stealth
  5035 | D:5      | Noticed a hand axe
  5035 | D:5      | Noticed a hand axe
  5108 | D:5      | Found a hide-covered altar of Uskayaw.
  5111 | D:5      | HP: 4/44 [orc priest/divine providence (10)]
  5475 | D:5      | Reached skill level 5 in Fighting
  5475 | D:5      | Reached skill level 6 in Short Blades
  5543 | D:5      | Reached XP level 8. HP: 18/50 MP: 10/10
  5769 | D:5      | Found an iron altar of Okawaru.
  5860 | D:5      | Found a glowing golden altar of the Shining One.
  5882 | D:5      | Reached *** piety under Yredelemnul
  5958 | D:5      | Reached skill level 7 in Short Blades
  6091 | D:5      | You fall through a shaft for 2 floors!
  6108 | D:7      | Found a sparkling altar of Nemelex Xobeh.
  6166 | D:7      | Reached skill level 6 in Fighting
  6206 | D:7      | Reached skill level 6 in Stealth
  6445 | D:7      | Found a radiant altar of Vehumet.
  6588 | D:7      | Reached skill level 8 in Short Blades
  6668 | D:7      | Reached skill level 7 in Stealth
  6668 | D:7      | Reached XP level 9. HP: 56/56 MP: 11/11
  6767 | D:7      | Reached skill level 7 in Fighting
  6819 | D:7      | Reached skill level 8 in Stealth
  6827 | D:7      | Reached skill level 9 in Short Blades
  6832 | D:7      | HP: 10/57 [hog (9)]
  6889 | D:7      | Killed an orc warrior
  7333 | D:8      | Reached skill level 8 in Fighting
  7333 | D:8      | Reached skill level 9 in Stealth
  7469 | D:8      | Identified a scroll of acquirement
  7472 | D:8      | Got a transparent quick blade
  7473 | D:8      | Identified the +7 quick blade "Amos Ykk" {flame, Str-4
                  | Dex+3} (You acquired it on level 8 of the Dungeon)
  7761 | D:8      | Received a gift from Yredelemnul (a mummy)
  7765 | D:8      | Reached XP level 10. HP: 65/65 MP: 12/12
  7980 | D:8      | Reached skill level 4 in Evocations
  8047 | D:8      | Reached skill level 10 in Stealth
  8047 | D:8      | Reached skill level 3 in Invocations
  8190 | D:8      | Reached **** piety under Yredelemnul
  8191 | D:8      | Received a gift from Yredelemnul (a wight)
  8196 | D:8      | Reached skill level 4 in Dodging
  8314 | D:9      | Reached skill level 9 in Fighting
  8359 | D:9      | Reached skill level 4 in Invocations
  8359 | D:9      | Reached skill level 5 in Evocations
  8395 | D:9      | Reached skill level 5 in Dodging
  8395 | D:9      | Received a gift from Yredelemnul (a wraith)
  8877 | D:9      | Found Wochex's Jewellery Boutique.
  9049 | D:9      | Reached skill level 11 in Stealth
  9121 | D:10     | Entered Level 10 of the Dungeon
  9154 | D:10     | Reached XP level 11. HP: 71/71 MP: 15/15
  9164 | D:10     | Reached skill level 6 in Evocations
  9171 | D:10     | Reached skill level 5 in Invocations
  9310 | D:10     | Found a staircase to the Lair.
  9313 | D:10     | Reached skill level 6 in Dodging
  9356 | D:10     | Killed an unseen horror
  9356 | D:10     | Reached ***** piety under Yredelemnul
  9658 | D:10     | Noticed an orange crystal statue
  9658 | D:10     | Noticed Psyche
  9659 | D:10     | Found a runed door.
  9660 | D:10     | Found the +10 large shield of Ignorance {rN+ Int-4}
  9702 | D:10     | Received a gift from Yredelemnul (a wraith)
  9719 | D:10     | Gained mutation: You are resistant to hostile enchantments.
                  | (MR+) [potion of mutation]
  9719 | D:10     | Gained mutation: You are frail. (-10% HP) [potion of
                  | mutation]
  9719 | D:10     | Gained mutation: Your magical capacity is low. (-10% MP)
                  | [potion of mutation]
  9719 | D:10     | Gained mutation: Your flesh is heat resistant. (rF+)
                  | [potion of mutation]
  9799 | D:10     | Killed Psyche
  9799 | D:10     | Reached skill level 10 in Fighting
  9805 | D:10     | Noticed an orange crystal statue
  9805 | D:10     | Noticed an orange crystal statue
  9805 | D:10     | Noticed an orange crystal statue
  9820 | D:10     | Noticed mhoghedin's ghost (journeyman KoAr)
  9820 | D:10     | Noticed Ijustatesigmund's ghost (journeyman OpWz)
  9825 | D:10     | Found a runed door.
  9835 | D:10     | Found a runed gate.
  9835 | D:10     | Found a runed gate.
  9835 | D:10     | Found a runed gate.
  9967 | D:10     | Reached skill level 7 in Evocations
  9997 | D:10     | Reached skill level 6 in Invocations
 10265 | Lair:1   | Entered Level 1 of the Lair of Beasts
 10306 | Lair:1   | Reached skill level 7 in Dodging
 10362 | Lair:1   | Got a shimmering hunting sling
 10363 | Lair:1   | Identified the +9 hunting sling of Cruel Justice {freeze,
                  | rElec MR+ Str+2} (You found it on level 1 of the Lair of
                  | Beasts)
 10527 | D:6      | Found a basalt altar of Yredelemnul.
 10590 | D:6      | Found a shimmering altar of Xom.
 10699 | D:6      | Reached skill level 1 in Slings
 10702 | D:6      | Found a hazy altar of Hepliaklqana.
 10775 | D:6      | Received a gift from Yredelemnul (a wight)
 10820 | D:6      | Noticed Blork the orc
 10832 | D:6      | Killed Blork the orc
 10897 | D:6      | Reached skill level 2 in Slings
 11403 | Lair:1   | Noticed Harold
 11407 | Lair:1   | Killed Harold
 11407 | Lair:1   | Reached skill level 3 in Slings
 11486 | Lair:1   | Noticed Urug
 11490 | Lair:1   | Noticed Urug
 11490 | Lair:1   | Urug changed into Urug the salamander
 11495 | Lair:1   | Noticed Urug
 11495 | Lair:1   | Urug the salamander changed into Urug the redback
 11501 | Lair:1   | Killed Urug the redback
 11501 | Lair:1   | Reached skill level 4 in Slings
 11943 | Lair:2   | Reached XP level 12. HP: 65/69 MP: 13/15
 11945 | Lair:2   | Found a staircase to the Snake Pit.
 11964 | Lair:2   | Reached skill level 5 in Slings
 12047 | Lair:2   | Reached skill level 6 in Slings
 12183 | Lair:2   | Reached skill level 7 in Slings
 12281 | Lair:2   | Reached skill level 12 in Stealth
 12532 | Lair:2   | Received a gift from Yredelemnul (a wraith)
 12788 | Lair:2   | Found a stormy altar of Qazlal.
 13112 | Lair:2   | HP: 14/70 [ice devil (10)]
 13883 | Lair:3   | Reached skill level 8 in Evocations
 14007 | Lair:3   | Reached skill level 7 in Invocations
 14066 | Lair:3   | Noticed a five-headed hydra
 14073 | Lair:3   | Killed a five-headed hydra
 14073 | Lair:3   | Reached skill level 8 in Dodging
 14314 | Lair:3   | Received a gift from Yredelemnul (a wight)
 14581 | Lair:4   | Reached XP level 13. HP: 65/75 MP: 13/17
 14609 | Lair:4   | Received a gift from Yredelemnul (a wight)
 14610 | Lair:4   | Found a staircase to the Swamp.
 14649 | Lair:4   | Noticed an eight-headed hydra
 14657 | Lair:4   | Killed an eight-headed hydra
 14657 | Lair:4   | Reached skill level 11 in Fighting
 14759 | Lair:4   | Reached skill level 13 in Stealth
 14836 | Lair:4   | Noticed a seven-headed hydra
 14843 | Lair:4   | Killed a seven-headed hydra
 14843 | Lair:4   | Reached skill level 9 in Evocations
 14876 | Lair:4   | Reached skill level 9 in Dodging
 14876 | Lair:4   | Reached skill level 8 in Invocations
 15909 | Lair:5   | Found a staircase to the Slime Pits.
 16410 | Lair:6   | Entered Level 6 of the Lair of Beasts
 16426 | Lair:6   | Noticed a four-headed hydra
 16566 | Lair:5   | Killed a four-headed hydra
 16580 | Lair:5   | Reached skill level 10 in Evocations
 16582 | Lair:5   | Reached ****** piety under Yredelemnul
 16691 | Lair:6   | Lost mutation: You are frail. (-10% HP) [potion of
                  | mutation]
 16691 | Lair:6   | Lost mutation: Your magical capacity is low. (-10% MP)
                  | [potion of mutation]
 16691 | Lair:6   | Lost mutation: Your flesh is heat resistant. (rF+) [potion
                  | of mutation]
 16691 | Lair:6   | Lost mutation: You are resistant to hostile enchantments.
                  | (MR+) [potion of mutation]
 16691 | Lair:6   | Gained mutation: You are clumsy. (Dex -2) [potion of
                  | mutation]
 16691 | Lair:6   | Gained mutation: Scrolls take you a little longer to read.
                  | [potion of mutation]
 16691 | Lair:6   | Gained mutation: Your magical capacity is low. (-10% MP)
                  | [potion of mutation]
 16691 | Lair:6   | Gained mutation: You are covered in fur. (AC +1) [potion of
                  | mutation]
 16717 | Lair:5   | Lost mutation: Scrolls take you a little longer to read.
                  | [potion of mutation]
 16717 | Lair:5   | Lost mutation: Your magical capacity is low. (-10% MP)
                  | [potion of mutation]
 16717 | Lair:5   | Lost mutation: You are clumsy. (Dex -2) [potion of
                  | mutation]
 16717 | Lair:5   | Gained mutation: You are dopey. (Int -2) [potion of
                  | mutation]
 16717 | Lair:5   | Gained mutation: Your natural rate of healing is unusually
                  | fast. [potion of mutation]
 16717 | Lair:5   | Gained mutation: You are resistant to hostile enchantments.
                  | (MR+) [potion of mutation]
 16783 | Lair:6   | Reached skill level 9 in Invocations
 16800 | Lair:6   | Received a gift from Yredelemnul (5 flying skulls)
 16817 | Lair:6   | Reached skill level 10 in Dodging
 16899 | Lair:6   | Found a dark tunnel.
 16908 | Volcano  | Entered a volcano
 17309 | Volcano  | Found a radiant altar of Vehumet.
 17319 | Volcano  | Reached skill level 12 in Fighting
 17319 | Volcano  | Received a gift from Yredelemnul (a wraith)
 17428 | Volcano  | Reached XP level 14. HP: 73/92 MP: 16/21
 17563 | Lair:6   | Received a gift from Yredelemnul (5 flying skulls)
 18029 | Lair:6   | Reached skill level 11 in Evocations
 18054 | Lair:6   | Reached skill level 11 in Dodging
 18054 | Lair:6   | Reached skill level 10 in Invocations
 18334 | Lair:6   | Found a burning altar of Makhleb.
 18359 | Lair:6   | Found a gateway to Hell.
 18463 | Lair:6   | Received a gift from Yredelemnul (a phantasmal warrior)
 18554 | Swamp:1  | Entered Level 1 of the Swamp
 18554 | Swamp:1  | Noticed Frances
 18566 | Swamp:1  | Killed Frances
 18566 | Swamp:1  | Enslaved Frances
 18584 | Swamp:1  | HP: 21/92 [red devil/trident[Frances the spectral human]
                  | (5)]
 18873 | D:9      | Bought an uncursed ring of poison resistance for 280 gold
                  | pieces
 19296 | Swamp:1  | Received a gift from Yredelemnul (a skeletal warrior)
 19334 | Swamp:1  | Reached skill level 13 in Fighting
 19579 | Swamp:1  | HP: 20/94 [spriggan rider/spear (12)]
 19595 | Swamp:1  | Reached skill level 8 in Slings
 20105 | Swamp:1  | Reached skill level 1 in Long Blades
 20152 | Swamp:1  | Noticed Jorgrun
 20172 | Swamp:1  | Killed Jorgrun
 20172 | Swamp:1  | Reached skill level 2 in Long Blades
 20238 | Swamp:2  | Reached XP level 15. HP: 94/98 MP: 21/23
 20244 | Swamp:1  | Reached skill level 3 in Long Blades
 20539 | Swamp:2  | Received a gift from Yredelemnul (a phantasmal warrior)
 20660 | Swamp:1  | Reached skill level 4 in Long Blades
 20824 | Swamp:2  | Noticed Louise
 20825 | Swamp:2  | Reached skill level 5 in Long Blades
 20838 | Swamp:2  | Killed Louise
 21322 | Swamp:2  | Received a gift from Yredelemnul (a wraith)
 21488 | Swamp:3  | Reached skill level 6 in Long Blades
 21514 | Swamp:3  | Noticed a thorn hunter
 21520 | Swamp:3  | HP: 17/98 [thorn hunter/volley of thorns (28)]
 21530 | Swamp:3  | HP: 23/98 [briar patch's spines[a thorn hunter] (1)]
 21657 | Swamp:3  | HP: 13/98 [alligator (12)]
 21659 | Swamp:3  | HP: 2/98 [swamp worm (8)]
 22087 | Swamp:3  | Reached skill level 7 in Long Blades
 22275 | Swamp:3  | Killed a thorn hunter
 22467 | Swamp:4  | Entered Level 4 of the Swamp
 22681 | Swamp:3  | HP: 23/98 [alligator (5)]
 22685 | Swamp:3  | Slain by an alligator

Vault maps used:
D:1:      sevenhm_arrival_forest_fort_large_1
D:2:      grunt_dithmenos_smoke_and_mirrors, lemuel_coloured_pillars_altar,
          chequers_ecumenical_altar_simple_redux
D:3:      portal_sewer_entry_f
D:4:      amethyst_overflow_temple_binary, minmay_temple_entry_poolview,
          minmay_misc_feat_cross
D:5:      marbit_many_paths, dancing_weapons_uskayaw, okawaru_ov_weapons_minmay,
          first_ration, kennysheep_generic_room_6
D:6:      overflow_temple_1_default, kennysheep_little_box,
          nicolae_overflow_hidden_temple, grunt_ministairs_4, minmay_checkerbox,
          uniq_blork_the_orc
D:7:      vehumet_altar_wand_db, nemelex_xobeh_ov_fountains_minmay,
          minmay_misc_feat_diagonals, grunt_livestock
D:8:      serial_bayou_ford_a, roderic_batcave
D:9:      serial_shops, nicolae_shop_behind_doors, hive_lemuel
D:10:     grunt_lair_entry_orc_guard_hut, gammafunk_ghost_cemetery,
          chequers_guarded_unrand_ignorance, uniq_psyche
Lair:1:   serial_bayou_shore_a, uniq_urug, uniq_harold
Lair:2:   beast_lair_carwin_large_4, minmay_snake_entry_guardpost_small,
          basic_altar, portal_ice_cave_demonic_guard, st_stairs_11, worms_lemuel
Lair:3:   lemuel_fruit_fields
Lair:4:   minmay_swamp_entry_reptiles, st_stairs_6, lemuel_fruit_fields,
          infiniplex_staircase_pool_2
Lair:5:   minmay_slime_entry_oklob_enclosed, infiniplex_staircase_pool
Lair:6:   evil_forest, enter_volcano_1, serial_bayou_pond_c
Swamp:1:  evilmike_swamp_ruin_house_2, uniq_jorgrun, uniq_frances
Swamp:2:  nicolae_swamp_round_clearing, uniq_louise
Swamp:3:  serial_swamp_ruin, evilmike_swamp_ruin_house_5,
          evilmike_swamp_ruin_house_3, swamp_pool2
Swamp:4:  swamp_pestilence
Sewer:    sewer_big_baddie
Volcano:  volcano_lake

Skill      XL: |  1  2  3  4  5  6  7  8  9 10 11 12 13 14 15 |
---------------+----------------------------------------------+-----
Stealth        | 2 3 4 5 7 9 11 12 13 | 13.0
Short Blades   | 2 3 4 6 8 9 |  9.7
Dodging        | 3 5 7 8 10 11 | 11.8
Invocations    | 1 2 4 6 7 9 10 | 10.4
Fighting       | 2 3 4 5 6 8 9 10 12 13 | 13.1
Evocations     | 5 7 8 10 11 | 11.5
Slings         | 4 7 8 |  8.0
Long Blades    | 2 7 |  7.6

Action                   |  1- 3 |  4- 6 |  7- 9 | 10-12 | 13-15 || total
-------------------------+-------+-------+-------+-------+-------++-------
Melee: Short sword       |   121 |    98 |   480 |       |       ||   699
       Hand axe          |       |    57 |       |       |       ||    57
       Quick blade       |       |       |    29 |   683 |   586 ||  1298
       Double sword      |       |       |       |       |   151 ||   151
 Fire: Hunting sling     |       |       |       |    75 |   113 ||   188
Invok: Animate Remains   |     1 |    13 |     7 |       |       ||    21
       Animate Dead      |       |       |    16 |    46 |    45 ||   107
       Recall Undead Sla |       |       |       |     5 |     5 ||    10
       Enslave Soul      |       |       |       |       |     3 ||     3
Evoke: Wand              |     8 |    13 |    30 |     8 |    15 ||    74
       Sack of spiders   |       |       |       |       |     2 ||     2
  Use: Scroll            |       |     4 |     6 |     5 |    22 ||    37
       Potion            |       |     1 |     2 |     7 |     7 ||    17
 Stab: Sleeping          |     5 |     6 |     8 |    25 |    24 ||    68
       Distracted        |       |     1 |     2 |     6 |    10 ||    19
       Paralysed         |       |       |     1 |       |       ||     1
       Confused          |       |       |       |       |     2 ||     2
       Invisible         |       |       |       |       |     1 ||     1
  Eat: Chunk             |     4 |     4 |     4 |    31 |    27 ||    70
       Ration            |       |     4 |     8 |     2 |     8 ||    22
Armor: Leather armour    |    75 |    42 |       |       |       ||   117
       Ring mail         |       |    12 |   144 |   112 |   187 ||   455
Dodge: Dodged            |   149 |   157 |   252 |   285 |   552 ||  1395
       Rpst.: Double sword |       |       |       |       |    49 ||    49

Table legend:
 A = Non-vault XP
 B = Vault XP
 C = Vault XP percentage of total XP
 D = Non-vault monster count
 E = Vault monster count
 F = Vault count percentage of total count
                 A         B        C        D         E       F
            +---------+---------+-------+---------+---------+-------
      Total |   68283 |   23708 |  25.8 |     436 |     132 |  23.2
            +---------+---------+-------+---------+---------+-------
        D:1 |      15 |       4 |  21.1 |      11 |       3 |  21.4
        D:2 |      96 |       0 |   0.0 |      22 |       0 |   0.0
        D:3 |     106 |      13 |  10.9 |      17 |       6 |  26.1
        D:4 |     396 |       0 |   0.0 |      18 |       0 |   0.0
        D:5 |     540 |     111 |  17.1 |      17 |       3 |  15.0
        D:6 |     423 |     223 |  34.5 |       7 |       7 |  50.0
        D:7 |    1355 |     555 |  29.1 |      26 |       6 |  18.8
        D:8 |    1447 |      67 |   4.4 |      20 |       8 |  28.6
        D:9 |    2906 |       0 |   0.0 |      37 |       0 |   0.0
       D:10 |    3260 |     945 |  22.5 |      45 |       7 |  13.5
     Lair:1 |    1244 |    1189 |  48.9 |       7 |       2 |  22.2
     Lair:2 |    2980 |    4570 |  60.5 |      18 |      34 |  65.4
     Lair:3 |    3721 |       0 |   0.0 |      16 |       0 |   0.0
     Lair:4 |    6627 |     548 |   7.6 |      25 |       4 |  13.8
     Lair:5 |    6212 |       0 |   0.0 |      29 |       0 |   0.0
     Lair:6 |    9490 |    8434 |  47.1 |      32 |      26 |  44.8
    Swamp:1 |    9221 |    1938 |  17.4 |      32 |       1 |   3.0
    Swamp:2 |    7650 |     927 |  10.8 |      26 |       1 |   3.7
    Swamp:3 |    9406 |       0 |   0.0 |      29 |       0 |   0.0
    Swamp:4 |    1188 |       0 |   0.0 |       2 |       0 |   0.0
      Sewer |       0 |     135 | 100.0 |       0 |       6 | 100.0
    Volcano |       0 |    4049 | 100.0 |       0 |      18 | 100.0
            +---------+---------+-------+---------+---------+-------

Vault maps used:
D:1:      sevenhm_arrival_forest_fort_large_1
D:2:      grunt_dithmenos_smoke_and_mirrors, lemuel_coloured_pillars_altar,
          chequers_ecumenical_altar_simple_redux
D:3:      portal_sewer_entry_f
D:4:      amethyst_overflow_temple_binary, minmay_temple_entry_poolview,
          minmay_misc_feat_cross
D:5:      marbit_many_paths, dancing_weapons_uskayaw, okawaru_ov_weapons_minmay,
          first_ration, kennysheep_generic_room_6
D:6:      overflow_temple_1_default, kennysheep_little_box,
          nicolae_overflow_hidden_temple, grunt_ministairs_4, minmay_checkerbox,
          uniq_blork_the_orc
D:7:      vehumet_altar_wand_db, nemelex_xobeh_ov_fountains_minmay,
          minmay_misc_feat_diagonals, grunt_livestock
D:8:      serial_bayou_ford_a, roderic_batcave
D:9:      serial_shops, nicolae_shop_behind_doors, hive_lemuel
D:10:     grunt_lair_entry_orc_guard_hut, gammafunk_ghost_cemetery,
          chequers_guarded_unrand_ignorance, uniq_psyche
Lair:1:   serial_bayou_shore_a, uniq_urug, uniq_harold
Lair:2:   beast_lair_carwin_large_4, minmay_snake_entry_guardpost_small,
          basic_altar, portal_ice_cave_demonic_guard, st_stairs_11, worms_lemuel
Lair:3:   lemuel_fruit_fields
Lair:4:   minmay_swamp_entry_reptiles, st_stairs_6, lemuel_fruit_fields,
          infiniplex_staircase_pool_2
Lair:5:   minmay_slime_entry_oklob_enclosed, infiniplex_staircase_pool
Lair:6:   evil_forest, enter_volcano_1, serial_bayou_pond_c
Swamp:1:  evilmike_swamp_ruin_house_2, uniq_jorgrun, uniq_frances
Swamp:2:  nicolae_swamp_round_clearing, uniq_louise
Swamp:3:  serial_swamp_ruin, evilmike_swamp_ruin_house_5,
          evilmike_swamp_ruin_house_3, swamp_pool2
Swamp:4:  swamp_pestilence
Sewer:    sewer_big_baddie
Volcano:  volcano_lake

Table legend:
 A = Turns spent in this place as a percentage of turns spent in the entire game.
 B = Non-inter-level travel turns spent in this place as a percentage of non-inter-level travel turns spent in the entire game.
 C = Inter-level travel turns spent in this place as a percentage of turns spent in this place.
 D = Turns resting spent in this place as a percentage of non-inter-level travel turns spent in this place.
 E = Turns spent auto-exploring this place as a percentage of non-inter-level travel turns spent in this place.
 F = Non-inter-level travel turns spent in this place divided by the number of levels of this place that you've seen.
                   A       B       C       D       E      F
               +-------+-------+-------+-------+-------+----------------------
         Total | 100.0 | 100.0 |   6.2 |  24.3 |  47.3 | 967.3
       Dungeon |  49.0 |  49.0 |   6.3 |  28.7 |  43.7 | 1042.0
          Lair |  30.8 |  30.5 |   7.2 |  17.0 |  55.5 | 1081.7
         Swamp |  16.7 |  16.9 |   5.2 |  29.1 |  42.8 | 900.5
         Sewer |   0.6 |   0.6 |   0.0 |   0.0 |  15.7 | 127.0
       Volcano |   2.8 |   3.0 |   0.0 |   5.0 |  55.6 | 642.0
               +-------+-------+-------+-------+-------+----------------------

Table legend:
 A = Kills in this place as a percentage of kills in entire the game.
 B = Kills by you in this place as a percentage of kills by you in the entire game.
 C = Kills by friends in this place as a percentage of kills by friends in the entire game.
 D = Other kills in this place as a percentage of other kills in the entire game.
 E = Experience gained in this place as a percentage of experience gained in the entire game.
 F = Experience gained in this place divided by the number of levels of this place that you have seen.
                   A       B       C       D       E      F
               +-------+-------+-------+-------+-------+----------------------
         Total | 100.0 | 100.0 | 100.0 | 100.0 | 100.0 | 4181.4
       Dungeon |  45.8 |  48.7 |  36.4 |   0.0 |  13.5 | 1246.2
          Lair |  34.0 |  32.6 |  38.6 |   0.0 |  48.9 | 7502.5
         Swamp |  16.0 |  13.1 |  25.0 | 100.0 |  33.0 | 7582.5
         Sewer |   1.1 |   1.4 |   0.0 |   0.0 |   0.1 | 135.0
       Volcano |   3.2 |   4.1 |   0.0 |   0.0 |   4.4 | 4049.0
               +-------+-------+-------+-------+-------+----------------------
